[Event "*** SCC Grand Prix: Titled Tuesday Blitz"]
[Site "Chess.com"]
[Date "2020.06.23"]
[Round "3"]
[White "OparinGrigoriy"]
[Black "Airquake"]
[Result "1-0"]
[WhiteElo "2910"]
[BlackElo "2666"]
[TimeControl "180+1"]
[EndTime "10:28:10 PDT"]
[Termination "OparinGrigoriy won by resignation"]

1. d4 Nf6 2. c4 e6 3. Nf3 d5 4. g3 Be7 5. Bg2 O-O 6. Nc3 b6 7.
cxd5 exd5 8. O-O Bb7 9. Bf4 Na6 10. Ne5 c6 11. a3 h6 12. b4 Nc7 13. Qb3 Ne6 14.
Rfd1 Nxf4 15. gxf4 Bd6 16. b5 cxb5 17. Nxd5 Nxd5 18.
Bxd5 Bxd5 19. Qxd5 a6 20. Rac1 Bxa3 21. Qxd8 Rfxd8 22.
Rc6 Rab8 23. d5 Bd6 24. e4 a5 25. Nd3 Bf8 26. Ne5 b4 27. d6 b3 28. d7 f6 29.
Nc4 Bc5 30. e5 fxe5 31. fxe5 a4 32. e6 Be7 33. Ne5 b2 34. Rc2 a3 35. Nc6 Ra8 36.
Nxe7+ Kh7 37. Nc6 Rf8 38. e7 1-0

[Event "*** SCC Grand Prix: Titled Tuesday Blitz"]
[Site "Chess.com"]
[Date "2020.06.23"]
[Round "3"]
[White "Dedic8"]
[Black "Siniauski"]
[Result "1-0"]
[WhiteElo "2762"]
[BlackElo "2499"]
[TimeControl "180+1"]
[EndTime "10:28:11 PDT"]
[Termination "Dedic8 won by resignation"]

1. e4 e6 2. d4 d5 3. Nc3 Nf6 4. Bg5 Bb4 5. e5 h6 6. Be3 Ne4 7. a3 Nxc3 8. Qd2 Be7 9. Qxc3 c5 10. dxc5 Nc6 11. Nf3 g5 12. h3 h5 13. Be2 Rg8 14. Nd4 Nxe5 15. Nxe6 Bxe6 16. Qxe5 Bf6 17. Qg3 Bxb2 18.
O-O Bxa1 19. Rxa1 h4 20. Qe5 Rc8 21. Rb1 Qc7 22. Qf6 Rg6 23. Qh8+ Ke7 24. Qd4 Rcg8 25. Qb4 g4 26. c6+ Kf6 27. cxb7 gxh3 28. Qxh4+ Kg7 29. g3 Rh8 30. Bd4+ f6 31. Qxh8+ Kxh8 32. b8=Q+ Qxb8 33. Rxb8+ Kg7 34. Rb7+ Kh6 35. Bd3 Rg4 36. Rh7+ Kg5 37. Be3+ 1-0

[Event "*** SCC Grand Prix: Titled Tuesday Blitz"]
[Site "Chess.com"]
[Date "2020.06.23"]
[Round "3"]
[White "Hikaru"]
[Black "Warre"]
[Result "1-0"]
[WhiteElo "3211"]
[BlackElo "2467"]
[TimeControl "180+1"]
[EndTime "10:28:11 PDT"]
[Termination "Hikaru won on time"]

1. e4 e5 2. Nf3 Nc6 3. Bb5 a6 4. Ba4 Nf6 5. d3 b5 6. Bb3 Bc5 7. a4 Rb8 8. Nc3 h6 9. axb5 axb5 10. O-O O-O 11. Be3 d6 12. h3 Bxe3 13. fxe3 Be6 14.
Nd5 Bxd5 15. exd5 Ne7 16. e4 c6 17. dxc6 Nxc6 18. c3 b4 19. Kh2 Qb6 20. Bc4 Ra8 21.
Rc1 Ne7 22. Nh4 d5 23. exd5 Nfxd5 24. Qf3 Rad8 25. Rce1 Qd6 26. Qg3 bxc3 27. bxc3 f6 28. d4 Rc8 29. dxe5 fxe5 30. Bxd5+ Nxd5 31. Nf5 Qf6 32.
Rxe5 Rxc3 33. Qe1 Rd8 34. Rxd5 1-0

[Event "*** SCC Grand Prix: Titled Tuesday Blitz"]
[Site "Chess.com"]
[Date "2020.06.23"]
[Round "3"]
[White "Camels1981"]
[Black "Balla_Tamas"]
[Result "0-1"]
[WhiteElo "2315"]
[BlackElo "2519"]
[TimeControl "180+1"]
[EndTime "10:28:12 PDT"]
[Termination "Balla_Tamas won on time"]

1. e4 d5 2. exd5 Qxd5 3. Nc3 Qd6 4. d4 c6 5. Bc4 Nf6 6. Nge2 Bf5 7. O-O e6 8. Bf4 Qb4 9. Bb3 Nbd7 10. a3 Qa5 11.
Ng3 Bg6 12. Re1 Be7 13. Nce4 O-O 14. c3 Nd5 15. Bd6 Bxd6 16. Nxd6 Qc7 17. Nc4 c5 18. Ne5 Nxe5 19. Rxe5 c4 20. Bc2 Bxc2 21. Qxc2 b5 22.
h4 a5 23. Ne4 b4 24. Ng5 g6 25. h5 bxc3 26. hxg6 hxg6 27. bxc3 Kg7 28. Rxe6 Qf4 29. Re5 Rh8 30. g3 Qg4 31. Qe2 Qxe2 32. Rxe2 Nxc3 33. Rc2 Nd5 34. Rxc4 Rh5 35. Nf3 Rah8 36. Kg2 Nf6 37. Rc5 Rd5 38. Rxd5 Nxd5 39. Rc1 Rd8 40.
Rc5 a4 41. Ra5 Nb6 42. Ra6 Rd6 43. Kf1 Rf6 44. Ke2 Nc4 45. Rxf6 Kxf6 46. Kd3 Nxa3 47. Nd2 Nb5 48. Kc4 Nd6+ 49. Kb4 Nf5 0-1

[Event "*** SCC Grand Prix: Titled Tuesday Blitz"]
[Site "Chess.com"]
[Date "2020.06.23"]
[Round "3"]
[White "HanSchut"]
[Black "Schandenfreude"]
[Result "0-1"]
[WhiteElo "2206"]
[BlackElo "2515"]
[TimeControl "180+1"]
[EndTime "10:28:13 PDT"]
[Termination "Schandenfreude won by resignation"]

1. e4 e6 2. d4 d5 3. Nd2 dxe4 4. Nxe4 Bd7 5. Bd3 Bc6 6. Nf3 Nd7 7. Qe2 Ngf6 8. Ng3 Be7 9. b3 O-O 10. Bb2 Bxf3 11. Qxf3 c6 12. O-O-O Qa5 13. Kb1 Ba3 14. Bc3 Bb4 15. Bb2 Nd5 16. a4 b5 17. c4 bxc4 18. Bxc4 N7b6 19. Bd3 Rab8 20. Ne4 Nxa4 21. Ng5 Nac3+ 22. Kc2 h6 23. Ra1 Qb6 24. h4 Be7 25.
Bc4 Nb5 26. Qd3 Nb4+ 27. Kd2 Nxd3 28. Bxd3 Nxd4 29. Bc3 Nxb3+ 30. Kc2 Nxa1+ 31. Rxa1 Qxf2+ 0-1

[Event "*** SCC Grand Prix: Titled Tuesday Blitz"]
[Site "Chess.com"]
[Date "2020.06.23"]
[Round "3"]
[White "ajian"]
[Black "swisspower96"]
[Result "0-1"]
[WhiteElo "2402"]
[BlackElo "2612"]
[TimeControl "180+1"]
[EndTime "10:28:14 PDT"]
[Termination "swisspower96 won by resignation"]

1. d4 Nf6 2. c4 e6 3. Nc3 Bb4 4. Qc2 O-O 5. a3 Bxc3+ 6. Qxc3 d5 7. Nf3 dxc4 8. Qxc4 b6 9. Bg5 Bb7 10. Rc1 c5 11. dxc5 h6 12. Bh4 bxc5 13. e3 Nbd7 14. Be2 Bd5 15. Qc2 Qa5+ 16. Qc3 Qb6 17. O-O Rab8 18.
Bg3 Ne4 19. Qd3 Nxg3 20. hxg3 Qxb2 21. Nd2 Ne5 22. Qc2 Rfc8 23. f4 Nd7 24. e4 Qd4+ 25.
Kh2 Rb2 26. Nf3 Rxc2 27. Nxd4 cxd4 28. exd5 Rxc1 29. dxe6 fxe6 30. Rxc1 Rxc1 31. Bg4 Kf7 0-1

[Event "*** SCC Grand Prix: Titled Tuesday Blitz"]
[Site "Chess.com"]
[Date "2020.06.23"]
[Round "3"]
[White "KaterynaLagno"]
[Black "David_Paravyan"]
[Result "1-0"]
[WhiteElo "2692"]
[BlackElo "2914"]
[TimeControl "180+1"]
[EndTime "10:28:15 PDT"]
[Termination "KaterynaLagno won by resignation"]

1. e4 c5 2. Nf3 Nc6 3. d4 cxd4 4.
Nxd4 g6 5. c4 Nf6 6. Nc3 d6 7.
Be2 Nxd4 8. Qxd4 Bg7 9. Be3 O-O 10. Qd2 a5 11. f3 a4 12. O-O Qa5 13. Rab1 Be6 14. Rfc1 Rfc8 15. b4 axb3 16. axb3 Qb4 17. Bd4 h5 18. Rc2 Kh7 19. Qd1 Bh6 20. Na4 Rxa4 21.
bxa4 Qxa4 22. Ra1 Qb3 23. Rb2 Qxd1+ 24. Rxd1 Bxc4 25. Bxc4 Rxc4 26. Bxf6 exf6 27. Rxb7 Kg8 28. Rxd6 Be3+ 29. Kf1 Rc2 30. Rxf6 Rf2+ 31. Ke1 Rxg2 32. Rfxf7 Bh6 33. Rfc7 Bf8 34. Rc8 1-0

[Event "*** SCC Grand Prix: Titled Tuesday Blitz"]
[Site "Chess.com"]
[Date "2020.06.23"]
[Round "3"]
[White "MateSchmate"]
[Black "Gareth-Bale11"]
[Result "1-0"]
[WhiteElo "2458"]
[BlackElo "2727"]
[TimeControl "180+1"]
[EndTime "10:28:15 PDT"]
[Termination "MateSchmate won by checkmate"]

1. e4 c5 2. Nf3 Nc6 3. d4 cxd4 4. Nxd4 Nf6 5. Nc3 e5 6. Ndb5 d6 7. Bg5 a6 8. Na3 b5 9. Nd5 Be7 10. Bxf6 Bxf6 11. c4 b4 12. Nc2 a5 13. Be2 O-O 14. O-O g6 15. Bg4 Be6 16. g3 Bg7 17. b3 h5 18. Bf3 Bh6 19. a3 bxa3 20. Rxa3 Kg7 21. Bg2 h4 22. g4 Bg5 23. h3 Qb8 24. Qa1 Qb7 25. f4 Bd8 26. f5 Bxd5 27. exd5 Nb4 28. Nxb4 Qxb4 29. fxg6 Bb6+ 30. Kh1 fxg6 31. Rb1 Rf2 32.
Ra2 Raf8 33. Rxf2 Rxf2 34. Qa4 Qc3 35. Qd7+ Kh6 36. g5+ Kh5 37. Qg4# 1-0

[Event "*** SCC Grand Prix: Titled Tuesday Blitz"]
[Site "Chess.com"]
[Date "2020.06.23"]
[Round "3"]
[White "Harry_Rakkel"]
[Black "GOGIEFF"]
[Result "0-1"]
[WhiteElo "2564"]
[BlackElo "2889"]
[TimeControl "180+1"]
[EndTime "10:28:16 PDT"]
[Termination "GOGIEFF won by resignation"]

1. e4 c5 2. Nf3 d6 3. d4 cxd4 4. Nxd4 Nf6 5. Nc3 a6 6. Be3 e5 7. Nb3 Be6 8. f3 h5 9. Qd2 Nbd7 10. O-O-O Rc8 11. Kb1 Nb6 12. Qf2 Nfd7 13. Qe1 Be7 14. g3 h4 15. g4 g5 16. h3 O-O 17. Rh2 Qc7 18. Nc1 f6 19. a3 Bf7 20. N1a2 d5 21.
exd5 Bd6 22. Bxb6 Qxb6 23. Na4 Qc7 24. Qe4 Kg7 25. Bd3 Rh8 26. c4 b5 27. cxb5 axb5 28. Bxb5 Bg6 29. Bxd7 Bxe4+ 30. fxe4 Qxd7 31. Nb6 Qb5 32. Nxc8 Rxc8 33. Ka1 Qa4 34. Re1 Rc4 35. Rhe2 Bc5 36.
Kb1 Qb3 37. Nc1 Qxh3 0-1

[Event "*** SCC Grand Prix: Titled Tuesday Blitz"]
[Site "Chess.com"]
[Date "2020.06.23"]
[Round "3"]
[White "alexrustemov"]
[Black "themind1hunter"]
[Result "1-0"]
[WhiteElo "2743"]
[BlackElo "2441"]
[TimeControl "180+1"]
[EndTime "10:28:17 PDT"]
[Termination "alexrustemov won by resignation"]

1. d4 Nf6 2. c4 e6 3. Nf3 Bb4+ 4. Bd2 a5 5. g3 d5 6. Bg2 O-O 7. O-O dxc4 8. a3 Bxd2 9. Nbxd2 b5 10. Ne5 Nd5 11.
Ne4 f6 12. Nf3 Nd7 13. Qc2 Qe7 14. Rfc1 Bb7 15. b3 cxb3 16. Qxb3 Ba6 17. Nc5 Nxc5 18. Rxc5 b4 19. e3 Rfb8 20. Rxa5 Bc4 21. Rxa8 Bxb3 22.
Rxb8+ Kf7 23. axb4 Qd6 24. Nd2 Bc2 25. Ne4 Bxe4 26.
Bxe4 f5 27. Bxd5 Qxd5 28. Ra7 Qc4 29. Rbb7 Qc1+ 30. Kg2 Qb1 31. Rxc7+ Ke8 1-0

[Event "*** SCC Grand Prix: Titled Tuesday Blitz"]
[Site "Chess.com"]
[Date "2020.06.23"]
[Round "3"]
[White "NormWeinstein"]
[Black "eCztery"]
[Result "0-1"]
[WhiteElo "2521"]
[BlackElo "2355"]
[TimeControl "180+1"]
[EndTime "10:28:19 PDT"]
[Termination "eCztery won by resignation"]

1. e4 c5 2. Nf3 g6 3. d4 cxd4 4.
Qxd4 Nf6 5. e5 Nc6 6. Qa4 Nd5 7.
Qh4 Bg7 8. Bh6 O-O 9. Bc4 Nb6 10.
Bxg7 Kxg7 11. O-O d5 12. Bd3 e6 13. Qg3 f6 14. Nc3 fxe5 15. Nxe5 Nxe5 16. Qxe5+ Qf6 17. Rae1 Bd7 18. f4 Qxe5 19. Rxe5 Rf6 20. g3 Bc6 21. Re2 d4 22. Ne4 Bxe4 23. Rxe4 Rd8 24.
Rfe1 Rd6 25. Re5 Nd7 26. Ra5 a6 27. b4 Nb6 28. Rc5 Nd5 29. a3 Rf7 30. Bc4 Ne3 31. Bb3 Re7 32. c3 Nf5 33. Rd1 Red7 34. cxd4 Nxd4 35.
Rc3 Ne2+ 36. Kf2 Nxc3 37. Rc1 Rd2+ 38. Kf3 Ne2 39. Rb1 Nd4+ 0-1

[Event "*** SCC Grand Prix: Titled Tuesday Blitz"]
[Site "Chess.com"]
[Date "2020.06.23"]
[Round "3"]
[White "Anton_Demchenko"]
[Black "Diego_FloresQ"]
[Result "1-0"]
[WhiteElo "2842"]
[BlackElo "2461"]
[TimeControl "180+1"]
[EndTime "10:28:20 PDT"]
[Termination "Anton_Demchenko won on time"]

1. d4 Nf6 2. Nf3 c5 3. d5 e6 4. Nc3 exd5 5. Nxd5 Nxd5 6. Qxd5 Be7 7. e4 O-O 8. Bc4 d6 9. O-O Nd7 10. Qd3 Nb6 11.
Bb3 Bg4 12. c3 g6 13. Bh6 Re8 14. Rfe1 Rc8 15. Bc2 d5 16. Ne5 Be6 17. exd5 Qxd5 18. Qg3 Bf6 19. Nxg6 hxg6 20. Bxg6 Kh8 21. Qf4 Nd7 22.
Rad1 Be5 23. Qh4 Bf6 24. Bg5+ 1-0

[Event "*** SCC Grand Prix: Titled Tuesday Blitz"]
[Site "Chess.com"]
[Date "2020.06.23"]
[Round "3"]
[White "Grischuk"]
[Black "bascheyaro"]
[Result "1-0"]
[WhiteElo "3109"]
[BlackElo "2718"]
[TimeControl "180+1"]
[EndTime "10:28:21 PDT"]
[Termination "Grischuk won by resignation"]

1. e4 e6 2. d4 d5 3. Nc3 Bb4 4.
e5 Ne7 5. a3 Bxc3+ 6. bxc3 b6 7. Qg4 Kf8 8. h4 Ba6 9. Bxa6 Nxa6 10. h5 h6 11. Ne2 c5 12. Rh3 Rc8 13. Rf3 Qd7 14.
Qf4 Nc6 15. Kf1 Kg8 16. Kg1 cxd4 17. cxd4 Na5 18. c3 Nb3 19. Rb1 Nxc1 20. Rxc1 Rc4 21. Qg3 Nb8 22. Rf4 Nc6 23. Rg4 Rh7 24. Qd3 Nxe5 25. Rxg7+ Rxg7 26. dxe5 Qc7 27. f4 Qc5+ 28.
Nd4 Qxa3 29. Qd2 Rg3 30. f5 Rcxc3 31. Rf1 Rcd3 32. Qf2 Qc5 33. fxe6 Qxd4 34. Qxd4 Rxd4 35. e7 1-0

[Event "*** SCC Grand Prix: Titled Tuesday Blitz"]
[Site "Chess.com"]
[Date "2020.06.23"]
[Round "3"]
[White "Poghosyan_Suren"]
[Black "Aygehovit1992"]
[Result "1-0"]
[WhiteElo "2442"]
[BlackElo "2674"]
[TimeControl "180+1"]
[EndTime "10:28:21 PDT"]
[Termination "Poghosyan_Suren won on time"]

1. d4 Nf6 2. c4 c5 3. e3 g6 4. Nc3 Bg7 5. Nf3 O-O 6. Be2 cxd4 7. Nxd4 d5 8. O-O Nc6 9. Nxc6 bxc6 10. Bf3 e6 11.
Re1 a5 12. Rb1 Ba6 13. cxd5 cxd5 14. b3 Qe7 15. Bb2 Rfc8 16. Qd4 Qb4 17. Na4 Rab8 18. Qa7 Bd3 19. Rbc1 Ne4 20. Bxg7 Kxg7 21. Bxe4 dxe4 22. Nc5 Rc6 23. h4 Rbc8 24. a3 Qxc5 25. Rxc5 Rxc5 26. b4 axb4 27. axb4 Rb5 28. Qd4+ e5 29. Qd6 Rc4 30. Ra1 1-0

[Event "*** SCC Grand Prix: Titled Tuesday Blitz"]
[Site "Chess.com"]
[Date "2020.06.23"]
[Round "3"]
[White "LiverpooL174"]
[Black "chigorin28"]
[Result "1-0"]
[WhiteElo "2674"]
[BlackElo "2418"]
[TimeControl "180+1"]
[EndTime "10:28:21 PDT"]
[Termination "LiverpooL174 won on time"]

1. e4 c5 2. Nf3 d6 3. d4 cxd4 4. Qxd4 Nc6 5. Bb5 Bd7 6. Bxc6 Bxc6 7. Nc3 Nf6 8. Bg5 e6 9. O-O-O Be7 10. Qd3 O-O 11. Nd4 a6 12. h4 Qc7 13. Kb1 Rfd8 14.
f4 h6 15. g4 d5 16. Nxc6 bxc6 17.
Bxf6 Bxf6 18. e5 Be7 19. g5 Rab8 20. gxh6 gxh6 21. Rdg1+ Kh8 22. f5 Qxe5 23. fxe6 Bf6 24. Rh3 Rg8 25. Rf1 fxe6 26. Rhf3 Bg7 27. Kc1 c5 28.
Re3 Qd4 29. Rxe6 Qxd3 30. cxd3 c4 31. dxc4 dxc4 32. Rf7 Rge8 33. Rxa6 Re1+ 34. Kd2 Rbe8 35. Rg6 Bd4 36. Rd7 Bxc3+ 37. Kxc3 R1e3+ 38. Kxc4 R3e4+ 39. Kd5 Rxh4 40. Rdd6 Kh7 41. a3 Rh1 42. b4 Rd1+ 43. Kc4 Rc8+ 44. Kb3 Rxd6 45. Rxd6 h5 46. b5 Rc5 47.
Kb4 Rg5 48. b6 h4 49. b7 Rg8 50. Kb5 Rg1 51. Rb6 h3 52. b8=Q 1-0

[Event "*** SCC Grand Prix: Titled Tuesday Blitz"]
[Site "Chess.com"]
[Date "2020.06.23"]
[Round "3"]
[White "ShimanovAlex"]
[Black "cassoulet"]
[Result "1-0"]
[WhiteElo "2873"]
[BlackElo "2649"]
[TimeControl "180+1"]
[EndTime "10:28:22 PDT"]
[Termination "ShimanovAlex won by resignation"]

1. d4 d5 2. Nf3 Nf6 3. Bf4 g6 4. e3 Bg7 5. Nbd2 O-O 6. c3 c5 7. Bd3 Nc6 8. Ne5 Nxe5 9. Bxe5 b6 10. a4 Bg4 11. Qb1 Be6 12. b4 cxd4 13. cxd4 a6 14.
O-O Qd7 15. a5 Qb7 16. Rc1 Rfc8 17. Rxc8+ Bxc8 18. h3 Bd7 19. Nb3 Ne8 20. Bg3 e6 21.
Qf1 Bf8 22. axb6 Qxb6 23. Nc5 Bc8 24. b5 Bxc5 25. dxc5 Qxc5 26. bxa6 Nd6 27. a7 Nc4 28. Bb8 Bb7 29. Qc1 Kg7 30. Qc3+ f6 31. h4 Qc6 32.
Bf1 h5 33. Qb4 Kf7 34. e4 Ne5 35.
Rb1 Bc8 36. exd5 Qxd5 37. Rc1 Bb7 38. Rc7+ Kg8 39. Qxb7 Qxb7 1-0

[Event "*** SCC Grand Prix: Titled Tuesday Blitz"]
[Site "Chess.com"]
[Date "2020.06.23"]
[Round "3"]
[White "LogoCzar"]
[Black "abykhovsky"]
[Result "1-0"]
[WhiteElo "2449"]
[BlackElo "2702"]
[TimeControl "180+1"]
[EndTime "10:28:22 PDT"]
[Termination "LogoCzar won by checkmate"]

1. d4 Nf6 2. e3 g6 3. Nf3 Bg7 4. Be2 O-O 5. O-O d5 6. b4 c6 7. Nbd2 Bf5 8. Bb2 Nbd7 9. c4 Ne4 10. c5 a5 11. b5 Ndxc5 12. bxc6 bxc6 13. Qc1 Na4 14. Ba3 c5 15. Nxe4 dxe4 16. Ne5 cxd4 17. Nc6 Qd7 18.
Bb5 Kh8 19. Nxd4 Qd5 20. Bc6 Qe5 21. Bxa4 Rac8 22. Qd2 Qf6 23. Rac1 Rcd8 24. Qxa5 Ra8 25. Qb4 Rfb8 26. Bb5 e5 27. Nxf5 gxf5 28. Bb2 Rxa2 29.
Ra1 Rxa1 30. Rxa1 h5 31. Qc5 h4 32. Ra6 Qd8 33. Bxe5 Qd1+ 34. Bf1 Rb1 35. Qf8+ Kh7 36.
Qxg7# 1-0

[Event "*** SCC Grand Prix: Titled Tuesday Blitz"]
[Site "Chess.com"]
[Date "2020.06.23"]
[Round "3"]
[White "yamalchess"]
[Black "SergeyKarjakin"]
[Result "0-1"]
[WhiteElo "2466"]
[BlackElo "2944"]
[TimeControl "180+1"]
[EndTime "10:28:23 PDT"]
[Termination "SergeyKarjakin won by resignation"]

1. d4 Nf6 2. c4 e6 3. Nc3 Bb4 4.
Nf3 b6 5. Bg5 h6 6. Bh4 g5 7. Bg3 Ne4 8. Qc2 Bb7 9. Nd2 Bxc3 10. bxc3 Nxg3 11. hxg3 d6 12. g4 Nd7 13. e3 Qe7 14. a4 a5 15. f3 f5 16. gxf5 exf5 17. Kf2 Qe6 18. Bd3 O-O 19. Rh3 Rae8 20. Re1 Rf6 21. Qb1 Kg7 22. Nf1 f4 23. exf4 Qxe1+ 24. Qxe1 Rxe1 25. Kxe1 gxf4 26. Nd2 Bc6 27. Bc2 Nf8 28.
Rh5 Ne6 29. d5 Be8 30. Rh4 Nc5 31. Ne4 Nxe4 32. fxe4 Rg6 33. Kf2 Rg3 34. Rxf4 Rxc3 35. Bd1 Rxc4 36. Ke3 Bxa4 37. Be2 Rc3+ 38. Kd4 Rc2 39.
Rg4+ Kf6 40. Bd3 Rb2 41. Rg8 Bb5 42. Bxb5 Rxb5 43. Rh8 Kg7 44. Re8 Rc5 45. e5 dxe5+ 46. Rxe5 a4 47. Re8 a3 48. Re2 Ra5 49. Ra2 Kf6 50.
Rf2+ Ke7 51. Ra2 Kd6 0-1

[Event "*** SCC Grand Prix: Titled Tuesday Blitz"]
[Site "Chess.com"]
[Date "2020.06.23"]
[Round "3"]
[White "serhanberat_ozdemir"]
[Black "exoticprincess"]
[Result "1/2-1/2"]
[WhiteElo "2539"]
[BlackElo "2779"]
[TimeControl "180+1"]
[EndTime "10:28:24 PDT"]
[Termination "Game drawn by repetition"]

1. e4 c6 2. d4 d5 3. exd5 cxd5 4. c4 Nf6 5. Nc3 e6 6. Nf3 Be7 7. Bd3 dxc4 8. Bxc4 O-O 9. O-O Bd7 10.
Ne5 Bc6 11. Nxc6 bxc6 12. Be3 Nbd7 13. Rc1 Nb6 14. Bd3 Nbd5 15. Ne4 Qb6 16. b3 Rfd8 17. Nc5 g6 18. Qe2 Kg7 19. Rfd1 Nd7 20. Be4 N7f6 21.
Bf3 Kg8 22. Bg5 Kg7 23. Qd2 Rac8 24. Bh6+ Kg8 25. Qe2 Bf8 26. Bxf8 Kxf8 27. Qe5 Kg7 28. g4 h6 29. h4 Qb8 30. Qxb8 Rxb8 31. Nd3 Nb4 32.
Nxb4 Rxb4 33. Rc4 c5 34. dxc5 Rxd1+ 35. Bxd1 Rxc4 36. bxc4 Kf8 37. g5 hxg5 38. hxg5 Ne4 39. c6 Ke7 40. f4 Kd6 41. Bf3 Nc3 42. c5+ Kc7 43. a3 a5 44. Kf2 Nb5 45. a4 Nc3 46. Ke3 Nxa4 47. Kd4 Nb2 48. Kc3 Na4+ 49. Kd4 Nb2 50. Kc3 Na4+ 51. Kd4 1/2-1/2

[Event "*** SCC Grand Prix: Titled Tuesday Blitz"]
[Site "Chess.com"]
[Date "2020.06.23"]
[Round "3"]
[White "sergeikim"]
[Black "Dr-Bassem"]
[Result "0-1"]
[WhiteElo "2520"]
[BlackElo "2793"]
[TimeControl "180+1"]
[EndTime "10:28:25 PDT"]
[Termination "Dr-Bassem won on time"]

1. d4 e6 2. c4 f5 3. g3 Nf6 4. Bg2 Be7 5. Nh3 O-O 6. O-O d6 7. Nf4 e5 8. Nd5 c6 9. Nxe7+ Qxe7 10. Nc3 Na6 11. d5 c5 12. a3 Bd7 13. Rb1 Qf7 14. Nb5 Bxb5 15. cxb5 Nc7 16. b4 Ncxd5 17.
Qc2 cxb4 18. Qxf5 Nc3 19. Rxb4 Nxe2+ 20. Kh1 Nd4 21. Qd3 Rac8 22. Be3 Nc2 23. Ra4 d5 24. Bg5 e4 25. Qe2 h6 26. Bxf6 Qxf6 27. Rxa7 Nd4 0-1

[Event "*** SCC Grand Prix: Titled Tuesday Blitz"]
[Site "Chess.com"]
[Date "2020.06.23"]
[Round "3"]
[White "skoularikii"]
[Black "Twitch_ElhamBlitz05"]
[Result "0-1"]
[WhiteElo "2507"]
[BlackElo "2769"]
[TimeControl "180+1"]
[EndTime "10:28:25 PDT"]
[Termination "Twitch_ElhamBlitz05 won by resignation"]

1. e4 c6 2. d4 d5 3. e5 c5 4. dxc5 e6 5. a3 Nd7 6. Nf3 Nxc5 7. b4 Ne4 8. Bd3 Bd7 9. O-O Ne7 10. c4 Ng6 11. cxd5 exd5 12. Re1 Be7 13. Bb2 O-O 14. Nbd2 Nxd2 15. Nxd2 a5 16. b5 Bc5 17. Nb3 Bb6 18. a4 Qh4 19. g3 Qg5 20. Bxg6 hxg6 21. Bd4 Bxd4 22. Qxd4 Bf5 23. Kg2 Rac8 24. Rac1 Bc2 25. Nc5 Bf5 26. f4 Qg4 27. b6 Rc6 28. Nxb7 Be4+ 29.
Rxe4 Rxc1 30. Qd2 dxe4 31. Qxc1 Qf3+ 32. Kg1 e3 33. Nc5 Qf2+ 34. Kh1 e2 35. Nd3 Qf1+ 0-1

[Event "*** SCC Grand Prix: Titled Tuesday Blitz"]
[Site "Chess.com"]
[Date "2020.06.23"]
[Round "3"]
[White "Sam_ChessMood"]
[Black "Iskusnyh"]
[Result "1-0"]
[WhiteElo "2814"]
[BlackElo "2456"]
[TimeControl "180+1"]
[EndTime "10:28:26 PDT"]
[Termination "Sam_ChessMood won on time"]

1. e4 e6 2. d4 d5 3. Nc3 Nf6 4. e5 Nfd7 5. f4 c5 6. Nf3 Be7 7. Be3 O-O 8. Qd2 a6 9. Bd3 Nc6 10. h4 cxd4 11. Nxd4 Nxd4 12. Bxd4 f5 13. O-O-O Nc5 14. Kb1 Bd7 15. Qe3 Rc8 16. h5 b5 17.
g4 b4 18. Ne2 Nxd3 19. cxd3 Qc7 20. Rc1 Qb7 21. gxf5 Rxc1+ 22. Rxc1 Rxf5 23. Ng3 Rf7 24. f5 Bh4 25. f6 gxf6 26. exf6 Kh8 27. Qf4 Bxg3 28.
Qxg3 Bb5 29. Rc7 Bxd3+ 30. Ka1 1-0

[Event "*** SCC Grand Prix: Titled Tuesday Blitz"]
[Site "Chess.com"]
[Date "2020.06.23"]
[Round "3"]
[White "Maksimus1998"]
[Black "MikeSailer"]
[Result "1-0"]
[WhiteElo "2475"]
[BlackElo "2114"]
[TimeControl "180+1"]
[EndTime "10:28:26 PDT"]
[Termination "Maksimus1998 won on time"]

1. e4 d5 2. exd5 Qxd5 3. Nc3 Qd6 4. g3 Nf6 5. Bg2 c6 6. d4 Bf5 7. Nge2 e6 8. O-O Be7 9. a3 O-O 10. Bf4 Qd8 11. Qd2 Nbd7 12. Rad1 Nd5 13. Nxd5 cxd5 14. c3 Nf6 15. h3 Ne4 16. Qe3 h6 17. g4 Bh7 18. f3 Nd6 19. Ng3 Nc4 20. Qe2 Bd6 21. Bxd6 Qxd6 22. f4 Qb6 23. Rf2 Rfe8 24. g5 hxg5 25.
fxg5 Qc7 26. Nh5 Nd6 27. Rdf1 Nf5 28. Bf3 Rf8 29. Bg4 Bg6 30. Bxf5 exf5 31. Nf4 Rae8 32. Qf3 Re4 33. h4 Rfe8 34. h5 Re3 35. Qg2 R8e4 36.
hxg6 fxg6 37. Nxd5 Qd6 38. Nxe3 Rxe3 39. Rf3 1-0

[Event "*** SCC Grand Prix: Titled Tuesday Blitz"]
[Site "Chess.com"]
[Date "2020.06.23"]
[Round "3"]
[White "MartinMatthiesen"]
[Black "chesslh19"]
[Result "1-0"]
[WhiteElo "2342"]
[BlackElo "2114"]
[TimeControl "180+1"]
[EndTime "10:28:27 PDT"]
[Termination "MartinMatthiesen won by resignation"]

1. d4 Nf6 2. c4 e6 3. Nf3 d5 4.
Nc3 c5 5. cxd5 cxd4 6. Qxd4 exd5 7. Bg5 Be7 8. g3 O-O 9. Bg2 Nc6 10. Qa4 Be6 11. O-O a6 12. Rad1 b5 13. Qc2 Rc8 14.
Qb1 h6 15. Bf4 Qd7 16. Ne5 Nxe5 17. Bxe5 b4 18. Bxf6 Bxf6 19. Nxd5 Bxd5 20. Rxd5 Qc7 21. Qd3 g6 22. Qxa6 Bxb2 23. Rfd1 Bg7 24. Rd7 Qc4 25. Qxc4 Rxc4 26. Bd5 Rc2 27. e3 Kh7 28. Rxf7 Rxf7 29. Bxf7 Bc3 30. Bb3 Rd2 31. Rxd2 Bxd2 32. Kf1 Kg7 33.
Ke2 Bc3 34. f4 Kf6 35. Kf3 g5 36. e4 gxf4 37. gxf4 Bd2 38. e5+ Kg6 39. Ke4 h5 40. f5+ Kg7 41. f6+ Kf8 42. Kf5 Bc3 43. e6 Bd4 44.
e7+ Ke8 45. Ba4+ 1-0

[Event "*** SCC Grand Prix: Titled Tuesday Blitz"]
[Site "Chess.com"]
[Date "2020.06.23"]
[Round "3"]
[White "Gabrielian_Artur"]
[Black "Ranindu2003"]
[Result "1-0"]
[WhiteElo "2765"]
[BlackElo "2502"]
[TimeControl "180+1"]
[EndTime "10:28:30 PDT"]
[Termination "Gabrielian_Artur won by resignation"]

1. e4 c5 2. Nc3 a6 3. g3 Nc6 4. Bg2 d6 5. Nge2 g6 6. O-O Bg7 7. d3 Nf6 8. f4 Bd7 9. h3 Qc8 10.
Kh2 h5 11. Nd5 Nxd5 12. exd5 Nd4 13. Nxd4 cxd4 14. Qe2 Bf6 15. b3 Qc3 16. Rb1 Rc8 17. Rf2 O-O 18. Bb2 Qc5 19. Rbf1 Rfe8 20. f5 Bxf5 21.
Bc1 Bd7 22. Bh6 h4 23. gxh4 Be5+ 24. Kh1 f6 25. Be4 f5 26. Rg2 Kh7 27. Rfg1 Rg8 28. Bc1 Be8 29. Bxf5 Qxd5 30. Qh5+ Kg7 31. Bxg6 Rh8 32.
Be4+ Kf8 33. Bh6+ 1-0

[Event "*** SCC Grand Prix: Titled Tuesday Blitz"]
[Site "Chess.com"]
[Date "2020.06.23"]
[Round "3"]
[White "GM_dmitrij"]
[Black "BogdanBelyakov89"]
[Result "1-0"]
[WhiteElo "2904"]
[BlackElo "2588"]
[TimeControl "180+1"]
[EndTime "10:28:30 PDT"]
[Termination "GM_dmitrij won by resignation"]

1. e4 e5 2. Nf3 Nc6 3. Bc4 Bc5 4. c3 Nf6 5. d3 O-O 6. O-O d5 7. exd5 Nxd5 8. a4 a6 9. Nbd2 Kh8 10. Re1 f6 11. d4 Ba7 12. dxe5 Nxe5 13. Nxe5 fxe5 14.
Ne4 Be6 15. Bg5 Qd7 16. Bxd5 Qxd5 17. Qxd5 Bxd5 18. Be3 Bxe4 19. Bxa7 Bd5 20. Rxe5 Bb3 21. Bd4 Rae8 22. Rae1 Rxe5 23. Rxe5 Bxa4 24. Re7 Re8 25. Bxg7+ Kg8 26. Rxe8+ Bxe8 27. Be5 c5 28. g4 Kf7 29.
Bd6 c4 30. Kg2 Ke6 31. Bc7 Bc6+ 32. Kg3 Kd5 33. Kf4 b5 34. Ke3 Bd7 35. h3 h5 36. f3 hxg4 37. fxg4 Ke6 38. Kf4 Kf6 39. h4 Kg6 40. h5+ Kh6 41. Bd8 Be8 42. Kg3 Kh7 43. Kh4 Kg7 44. g5 Kh7 45. Kg4 Bf7 46.
g6+ Bxg6 47. hxg6+ Kxg6 48. Kf4 Kf7 49. Ke5 Ke8 50.
Ba5 Kd7 51. Kd5 Kc8 52. Kc6 Kb8 53. Kb6 b4 54. Bxb4 1-0